 Dungeon Crawl Stone Soup version 0.20-a0-453-g91466d2 (webtiles) character file.

2293 Kriby the Thaumaturge (level 9, -6/57 HPs)
             Began as a Mummy Fire Elementalist on Jan 8, 2017.
             Was an Initiate of Sif Muna.
             Mangled by an unseen horror (11 damage)
             ... on level 7 of the Dungeon.
             The game lasted 00:13:41 (8392 turns).

Kriby the Thaumaturge (Mummy Fire Elementalist)     Turns: 8392, Time: 00:13:42

Health: -6/57      AC:  4    Str: 16    XL:     9   Next: 17%
Magic:  15/24      EV: 12    Int: 17    God:    Sif Muna [......]
Gold:   285        SH:  0    Dex: 12    Spells: 15/30 levels left

rFire  x . .     SeeInvis .     p - +0 rapier (venom)
rCold  + . .     Gourm    .     a - +0 robe
rNeg   + + +     Faith    .     (no shield)
rPois  ∞         Spirit   .     (no helmet)
rElec  .         Reflect  .     f - +1 cloak
rCorr  .         Harm     .     (no gloves)
MR     +....                    (no boots)
Stlth  ++........               (no amulet)
                                j - ring of wizardry
                                d - +4 ring of strength

@: no status effects
A: no food or potions, fire vulnerability, cold resistance 1, negative energy
resistance 3, torment resistance, unbreathing
a: Renounce Religion


You were on level 7 of the Dungeon.
You worshipped Sif Muna.
Sif Muna was noncommittal.
You were not hungry.

You visited 2 branches of the dungeon, and saw 8 of its levels.

You collected 309 gold pieces.
You spent 24 gold pieces at shops.

Inventory:

Hand Weapons
 p - a +0 rapier of venom (weapon)
 q - a +0 broad axe
Armour
 a - a +0 robe (worn)
 f - a +1 cloak (worn)
Jewellery
 d - a +4 ring of strength (left hand)
 j - a ring of wizardry (right hand)
Wands
 k - a wand of iceblast (8/15)
 l - a wand of disintegration (19/24)
 n - a wand of polymorph (12/24)
Scrolls
 c - 2 scrolls of amnesia
 e - 3 scrolls of teleportation
 g - 3 scrolls of immolation {unknown}
 h - 2 scrolls of recharging
 i - 4 scrolls of remove curse
 o - a scroll of identify
Books
 b - a book of Flames

   Spells                             Type                      Level
   a - Flame Tongue                   Conjuration/Fire             1
   b - Throw Flame                    Conjuration/Fire             2
   c - Conjure Flame                  Conjuration/Fire             3
   d - Inner Flame                    Hexes/Fire                   3
   e - Sticky Flame                   Conjuration/Fire             4
   f - Fireball                       Conjuration/Fire             5
 m - a book of Geomancy

   Spells                             Type                      Level
   a - Sandblast                      Earth                        1
   b - Passwall                       Transmutation/Earth          2
   c - Stone Arrow                    Conjuration/Earth            3
   d - Petrify                        Transmutation/Earth          4
   e - Lee's Rapid Deconstruction     Earth                        5


   Skills:
 - Level 1.5 Dodging
 - Level 1.5 Stealth
 + Level 11.0 Spellcasting
 * Level 5.4 Conjurations
 * Level 4.8 Fire Magic


You had 15 spell levels left.
You knew the following spells:

 Your Spells              Type           Power        Failure   Level  Hunger
a - Flame Tongue          Conj/Fire      ####.        1%          1    N/A
b - Conjure Flame         Conj/Fire      ####....     1%          3    N/A
c - Sticky Flame          Conj/Fire      ####....     4%          4    N/A
d - Throw Flame           Conj/Fire      ####..       1%          2    N/A
e - Fireball              Conj/Fire      ####......   12%         5    N/A

Dungeon Overview and Level Annotations

Branches:
Dungeon (7/15)             Temple (1/1) D:6

Altars:
Ashenzari
Cheibriados
Dithmenos
Elyvilon
Fedhas
Gozag
Hepliaklqana
Kikubaaqudgha
Makhleb
Nemelex Xobeh
Qazlal
Ru
Sif Muna
Trog
Uskayaw
Vehumet
Xom
Yredelemnul
Zin
The Shining One

Shops:
D:5 =??[   D:6 =


Innate Abilities, Weirdness & Mutations

You do not eat or drink.
Your flesh is vulnerable to fire.
You are immune to poison.
Your flesh is cold resistant. (rC+)
You are immune to negative energy. (rN+++)
You are immune to unholy pain and torment.
You can survive without breathing.


Message History

Something hits you.
* * * LOW HITPOINT WARNING * * *
Something hits you.
* * * LOW HITPOINT WARNING * * *
The howler monkey hoots and howls with incredible vigour!
You hear a howl!
You hear a chilling moan.
Casting: Flame Tongue
Confirm with . or Enter, or press ? or * to list all spells.
Aiming: Flame Tongue
Press: ? - help, Shift-Dir - straight line, f - howler monkey
Aim: a howler monkey (catching its breath)
The flame tongue hits the howler monkey.
The howler monkey is heavily wounded.
Something barely misses you.
You closely miss something. Something hits you but does no damage.
Something hits you.
* * * LOW HITPOINT WARNING * * *
The howler monkey hoots and howls with incredible vigour!
Something hits you!
You die...

##.###.##
##
.......##..
.......#.
.......
..... †h.
#§# #@# #<#
#.# #..
####


You could see a howler monkey.

Vanquished Creatures
  Pikel (D:4)
  The ghost of Duffy the Thaumaturge, a novice DEAE of Vehumet (D:6)
  Menkaure (D:6)
  4 slaves (D:4)
  4 ogres
  A centaur (D:5)
  A wyvern zombie (D:6)
  A scorpion (D:4)
  A howler monkey (D:7)
  A centaur zombie (D:6)
  5 crimson imps
  A centaur skeleton (D:4)
  2 hounds
  A quasit (D:5)
  An orc priest (D:5)
  Crazy Yiuf (D:3)
  2 orc wizards
  An iguana (D:6)
  Jessica (D:2)
  3 worker ants
  A hound skeleton (D:5)
  A howler monkey zombie (D:5)
  12 adders
  A shadow imp (D:5)
  3 adder skeletons
  7 worms
  2 dart slugs
  5 leopard geckos
  13 orcs
  10 bats
  4 giant cockroaches
  7 hobgoblins
  3 quokkas
  6 frilled lizards
  9 goblins
  7 kobolds
  A leopard gecko skeleton (D:6)
  A quokka zombie (D:6)
  13 rats
140 creatures vanquished.

Notes
Turn   | Place    | Note
-------+----------+-------------------------------------------
     0 | D:1      | Kriby the Mummy Fire Elementalist began the quest for the Orb.
     0 | D:1      | Reached XP level 1. HP: 13/13 MP: 4/4
    12 | D:1      | Reached skill level 1 in Conjurations
    39 | D:1      | Reached skill level 3 in Spellcasting
   170 | D:1      | Reached XP level 2. HP: 19/19 MP: 4/6
   941 | D:2      | Noticed Jessica
   947 | D:2      | Reached XP level 3. HP: 8/24 MP: 0/8
  1139 | D:2      | Killed Jessica
  1139 | D:2      | Reached skill level 4 in Spellcasting
  1383 | D:2      | Reached XP level 4. HP: 19/30 MP: 7/10
  1604 | D:2      | Reached skill level 5 in Spellcasting
  2105 | D:2      | Reached XP level 5. HP: 35/35 MP: 9/12
  2722 | D:3      | Reached skill level 6 in Spellcasting
  2998 | D:3      | Learned a level 3 spell: Conjure Flame
  3004 | D:3      | Learned a level 4 spell: Sticky Flame
  3007 | D:3      | Learned a level 2 spell: Throw Flame
  3248 | D:3      | Found a runed door.
  3328 | D:3      | Noticed Crazy Yiuf
  3335 | D:3      | Killed Crazy Yiuf
  3452 | D:4      | Reached XP level 6. HP: 41/41 MP: 5/15
  3677 | D:4      | Reached skill level 7 in Spellcasting
  3806 | D:4      | Noticed a slave
  3806 | D:4      | Noticed a slave
  3839 | D:4      | Killed a slave
  3866 | D:4      | Killed a slave
  4358 | D:4      | Noticed a slave
  4389 | D:4      | Killed a slave
  4477 | D:4      | Noticed Pikel
  4480 | D:4      | Noticed a slave
  4506 | D:4      | Killed Pikel
  4506 | D:4      | Reached skill level 8 in Spellcasting
  4506 | D:4      | Reached XP level 7. HP: 46/46 MP: 6/19
  5282 | D:5      | Entered Level 5 of the Dungeon
  5404 | D:5      | Reached XP level 8. HP: 20/52 MP: 13/20
  5638 | D:5      | Reached skill level 9 in Spellcasting
  6203 | D:5      | Found Iqugir Ahum's Magic Scroll Shop.
  6213 | D:5      | Found Petej's Jewellery Shop.
  6368 | D:5      | Found Pishu's Antique Armour Shoppe.
  6370 | D:5      | Bought a scroll of identify for 24 gold pieces
  6464 | D:5      | Found Peij's Magic Scroll Boutique.
  6896 | D:6      | Noticed Menkaure
  6899 | D:6      | Killed Menkaure
  6899 | D:6      | Reached skill level 10 in Spellcasting
  6913 | D:6      | Noticed Duffy's ghost (novice DEAE)
  6921 | D:6      | Killed Duffy's ghost
  6921 | D:6      | Reached skill level 5 in Conjurations
  7053 | D:6      | Learned a level 5 spell: Fireball
  7058 | D:6      | Found a staircase to the Ecumenical Temple.
  7079 | Temple   | Entered the Ecumenical Temple
  7215 | Temple   | Became a worshipper of Sif Muna the Loreminder
  7269 | D:6      | Reached XP level 9. HP: 57/57 MP: 11/23
  8029 | D:6      | Found Pipn's Jewellery Boutique.
  8081 | D:6      | Reached skill level 11 in Spellcasting
  8392 | D:7      | Mangled by an unseen horror

Vault maps used:
D:1:      minmay_arrival_three_doors, minmay_unequal
D:2:      first_bread, uniq_jessica
D:3:      uniq_crazy_yiuf_cottage
D:4:      kennysheep_big_empty_room, uniq_pikel
D:5:      serial_shops, shop, nicolae_shop_stone, kennysheep_mini_moat,
          nicolae_shop_trees
D:6:      serial_shops, nicolae_shop_trees, uniq_menkaure
D:7:      lemuel_crystal_altar
Temple:   regret_index_temple_chain_breaker

Skill      XL: |  1  2  3  4  5  6  7  8  9 |
---------------+----------------------------+-----
Conjurations   | 1 2 3 4 5 |  5.4
Spellcasting   | 3 4 5 6 8 10 11 | 11.0
Fire Magic     | 3 4 |  4.8
Dodging        | |  1.5
Stealth        | |  1.5

Action                   |  1- 3 |  4- 6 |  7- 9 || total
-------------------------+-------+-------+-------++-------
Melee: Dagger            |     8 |    24 |    94 ||   126
       War axe           |     2 |     2 |       ||     4
       Broad axe         |       |       |   115 ||   115
       Rapier            |       |       |     4 ||     4
 Cast: Flame Tongue      |    55 |   175 |   133 ||   363
       Conjure Flame     |       |     6 |     9 ||    15
       Sticky Flame      |       |       |     7 ||     7
       Throw Flame       |       |       |     2 ||     2
  Use: Scroll            |       |     2 |     7 ||     9
Armor: Robe              |     8 |    13 |    74 ||    95
Dodge: Dodged            |    38 |    54 |   178 ||   270
